 Dungeon Crawl Stone Soup version 0.31-a0-177-g4aa6249778 (webtiles) character file.

Game seed: 1549915157836351256

1109 qw the Chopper (level 8, 0/50 HPs)
             Began as a Gargoyle Fighter on June 18, 2023.
             Slain by a yak (6 damage)
             ... on level 5 of the Dungeon.
             The game lasted 00:02:08 (4567 turns).

qw the Chopper (Gargoyle Fighter)                   Turns: 4567, Time: 00:02:08

Health: 0/50       AC: 18    Str: 21    XL:     8   Next: 33%
Magic:  8/8        EV:  6    Int: 10    God:
Gold:   321        SH:  4    Dex:  9    Spells: 7/7 levels left

rFire   . . .        Y - +2 war axe
rCold   . . .        c - +0 buckler
rNeg    + . .        f - +0 plate armour
rPois   inf          g - +0 helmet
rElec   +            (no cloak)
rCorr   .            (no gloves)
SInv    .            (no boots)
Will    +....        (no amulet) Stlth
                     l - ring of willpower
HPRegen 0.28/turn    (no ring)
MPRegen 0.11/turn

%: no passive effects
@: no status effects
A: sickness immunity, AC +5, negative energy resistance 1, electricity
resistance, torment resistance 1, petrification resistance
a: no special abilities


You were on level 5 of the Dungeon.
You visited 1 branch of the dungeon, and saw 5 of its levels.
You also visited: Sewer.

You collected 321 gold pieces.


Innate Abilities, Weirdness & Mutations

You are immune to sickness and miasma.
Your stone body is resilient. (AC +5)
You are immune to poison.
You resist negative energy. (rN+)
You are resistant to electric shocks. (rElec)
You are resistant to unholy torment.
You are immune to petrification.


   Skills:
 - Level 5.5 Fighting
 + Level 7.1 Axes
 - Level 2.6 Throwing
 - Level 4.0 Armour
 - Level 1.0 Dodging
 - Level 3.2 Shields


You had 7 spell levels left.
You didn't know any spells.
Your spell library was empty.

Inventory:

Hand Weapons
 m - a +0 flail
 Y - a +2 war axe (weapon)
Missiles
 p - 2 boomerangs (quivered)
Armour
 c - a +0 buckler (worn)
 f - a +0 plate armour (worn)
 g - a +0 helmet (worn)
Jewellery
 l - a ring of willpower (left hand)
 q - a +4 ring of protection
 r - an amulet of reflection
Scrolls
 i - a scroll of identify
Potions
 a - a potion of haste
 b - a potion of mutation
 d - a potion of might
 e - a potion of lignification
 h - a potion of magic {unknown}
 j - a potion of curing
 k - a potion of cancellation
 n - a potion of heal wounds
 o - a potion of ambrosia {unknown}

Dungeon Overview and Level Annotations

Branches:
Dungeon (5/15)              Sewer (visited)
 Temple: D:4-7

Altars:
Cheibriados
Dithmenos
Elyvilon
Hepliaklqana
Qazlal
Ru
Sif Muna

Annotations:
D:1 exclusions: 4 goblins and 2 kobolds
D:3 3 runed translucent doors, qw's ghost, weakling NaHu
D:5 1 transporter


Message History

The yak gores you!
You slash the yak!
You kill the yak!
The yak barely misses you.
Your Throwing skill gained 2 levels and is now at level 2!
You slash the yak!
The yak is lightly wounded.
You hit the yak but do no damage.
The yak is lightly wounded.
You closely miss the yak. The yak gores you but does no damage.
The yak gores you!
You closely miss the yak.
The yak is lightly wounded.
You hit the yak.
The yak gores you but does no damage. x2
You hit the yak.
The yak is moderately wounded.
You hit the yak. The yak gores you. The yak gores you but does no damage.
You barely miss the yak.
The yak is moderately wounded.
You barely miss the yak. You block the yak's attack. The yak gores you!
You barely miss the yak.
The yak is moderately wounded.
You hit the yak. The yak gores you. x2
You hit the yak.
The yak is moderately wounded.
You hit the yak but do no damage. The yak gores you!
The yak gores you but does no damage. You block the yak's attack.
The yak gores you.
4566 ||| DRINKING 2 potions of heal wounds.
You feel much better. You block the yak's attack. x2
You hit the yak.
The yak is moderately wounded.
You hit the yak but do no damage. The yak gores you! The yak gores you.
You die...

#.......#.# ###
#.##...##.# #..
#.###.###.# #.#
##....(###.# ...
...........# #.# #
######.##..# #.# .###.#
... #...#..####.##.....
##.##...#..........###.#
...........####.@Y$"...#
#.............##Y######
##.........###.# <#
...##...#..# #.# .#
...........# #.# .#
######.###.# #.# .# #.#
#.....# .# ..# #..####
.# #### #...


You could see 2 yaks.

Vanquished Creatures
  Grinder (Sewer)
  A yak (D:5)
  An ice beast (D:4)
  An ogre (D:4)
  A kobold brigand (Sewer)
  A necrophage (Sewer)
  A wight (Sewer)
  3 hounds
  2 sleepcaps (D:4)
  2 iguanas
  6 adders
  4 shadow imps (Sewer)
  3 ufetubi
  An adder zombie (Sewer)
  4 dart slugs
  3 orcs
  5 ball pythons
  2 bat zombies (Sewer)
  9 endoplasms
  A giant cockroach (D:2)
  6 goblins
  9 hobgoblins
  3 jackals
  25 kobolds
  3 quokkas
  8 bats
  2 kobold zombies (Sewer)
  A rat (D:3)
109 creatures vanquished.

Notes
Turn   | Place    | Note
-------+----------+-------------------------------------------
     0 | D:1      | qw the Gargoyle Fighter began the quest for the Orb.
     0 | D:1      | Reached XP level 1. HP: 14/14 MP: 1/1
     0 | D:1      | 0 ||| qw: Version: 0.3-a-7-ge0c9b40
     0 | D:1      | 0 ||| qw: Game counter: 767
     0 | D:1      | 0 ||| qw: Always use a shield: true
     0 | D:1      | 0 ||| qw: God list: Okawaru
     0 | D:1      | 0 ||| qw: Allow faded altars: false
     0 | D:1      | 0 ||| qw: Do Orc after D:15 true
     0 | D:1      | 0 ||| qw: Do second Lair branch before Depths: true
     0 | D:1      | 0 ||| qw: Lair rune preference: random
     0 | D:1      | 0 ||| qw: Plans: Normal, Zot:1-4, Slime:5, God:TSO, Crypt,
                  | Tomb, Abyss, Pan, Hells, Win
     0 | D:1      | 0 ||| PLANNING D:1-11
     8 | D:1      | Reached skill level 2 in Axes
   223 | D:1      | Reached XP level 2. HP: 19/19 MP: 2/2
   382 | D:1      | 382 ||| READING scroll labelled LILIAS NUFYVI.
   418 | D:1      | 418 ||| Stepping ~*~*~tactically~*~*~ (stealth).
   443 | D:1      | 443 ||| Stepping ~*~*~tactically~*~*~ (stealth).
   541 | D:1      | 541 ||| Stepping ~*~*~tactically~*~*~ (stealth).
   724 | D:1      | Reached skill level 3 in Axes
   894 | D:1      | 894 ||| READING scroll labelled ASOCLE HAGEU.
   936 | D:2      | Reached XP level 3. HP: 20/23 MP: 3/3
  1230 | D:2      | 1230 ||| Stepping ~*~*~tactically~*~*~ (stealth).
  1232 | D:2      | 1232 ||| Stepping ~*~*~tactically~*~*~ (hiding).
  1814 | D:2      | 1814 ||| UPGRADING to +0 plate armour.
  1824 | D:2      | 1824 ||| DROPPING +0 scale mail.
  1825 | D:2      | 1825 ||| UPGRADING to +0 helmet.
  1830 | D:2      | 1830 ||| DROPPING ring of wizardry.
  1831 | D:2      | 1831 ||| READING scroll labelled GIBRASCH VENO.
  1832 | D:2      | 1832 ||| READING scroll labelled VIUREX ISKATT.
  1833 | D:2      | 1833 ||| DRINKING 2 emerald potions.
  1834 | D:2      | 1834 ||| DROPPING potion of degeneration.
  1870 | D:3      | 1870 ||| PLANNING SEWER
  1971 | D:3      | Reached XP level 4. HP: 28/28 MP: 4/4
  1985 | D:3      | Found a runed translucent gate.
  1985 | D:3      | Found a runed translucent gate.
  1985 | D:3      | Found a runed translucent gate.
  1987 | D:3      | Noticed qw's ghost (weakling NaHu)
  2105 | D:3      | Reached skill level 4 in Axes
  2241 | D:3      | Found a shimmering blue altar of Sif Muna.
  2251 | D:3      | Found a shadowy altar of Dithmenos.
  2252 | D:3      | Found a hazy altar of Hepliaklqana.
  2254 | D:3      | Found a snail-covered altar of Cheibriados.
  2254 | D:3      | Found a sacrificial altar of Ru.
  2255 | D:3      | Found a stormy altar of Qazlal.
  2262 | D:3      | Found a white marble altar of Elyvilon.
  2290 | D:3      | Found a glowing drain.
  2291 | D:3      | 2291 ||| DRINKING 2 fuming red potions.
  2340 | D:3      | 2340 ||| DRINKING 2 golden potions.
  2346 | Sewer    | Entered a sewer
  2428 | Sewer    | Reached XP level 5. HP: 27/32 MP: 5/5
  2428 | Sewer    | 2428 ||| FLEEEEING.
  2429 | Sewer    | 2429 ||| FLEEEEING.
  2430 | Sewer    | 2430 ||| FLEEEEING.
  2431 | Sewer    | 2431 ||| FLEEEEING.
  2432 | Sewer    | 2432 ||| FLEEEEING.
  2433 | Sewer    | 2433 ||| FLEEEEING.
  2434 | Sewer    | 2434 ||| FLEEEEING.
  2461 | Sewer    | 2461 ||| Stepping ~*~*~tactically~*~*~ (hiding).
  2463 | Sewer    | 2463 ||| Stepping ~*~*~tactically~*~*~ (hiding).
  2548 | Sewer    | 2548 ||| Stepping ~*~*~tactically~*~*~ (stealth).
  2614 | Sewer    | Noticed a kobold brigand
  2627 | Sewer    | Killed a kobold brigand
  2628 | Sewer    | Reached skill level 5 in Axes
  2732 | Sewer    | Found an ancient bone altar of Kikubaaqudgha.
  2747 | Sewer    | Reached XP level 6. HP: 32/37 MP: 6/6
  2765 | Sewer    | Noticed Grinder
  2783 | Sewer    | Paralysed by Grinder for 3 turns
  2786 | Sewer    | 2786 ||| FLEEEEING.
  2787 | Sewer    | 2787 ||| FLEEEEING.
  2788 | Sewer    | 2788 ||| FLEEEEING.
  2789 | Sewer    | 2789 ||| FLEEEEING.
  2795 | Sewer    | Killed Grinder
  2899 | Sewer    | Reached XP level 7. HP: 41/44 MP: 7/7
  2907 | Sewer    | 2907 ||| DROPPING +0 mace.
  2922 | Sewer    | 2922 ||| READING scroll of enchant weapon.
  2922 | Sewer    | 2922 ||| ENCHANTING +1 war axe.
  2941 | Sewer    | Reached skill level 6 in Axes
  3098 | Sewer    | 3098 ||| DRINKING 2 glowing white potions.
  3099 | Sewer    | 3099 ||| DRINKING 4 coppery potions.
  3100 | Sewer    | 3100 ||| DRINKING 2 grey potions.
  3101 | Sewer    | 3101 ||| DROPPING 3 potions of brilliance.
  3137 | D:3      | 3137 ||| PLANNING D:1-11
  3223 | D:3      | 3223 ||| Stepping ~*~*~tactically~*~*~ (hiding).
  3554 | D:3      | Found a faded altar of an unknown god.
  3618 | D:3      | 3618 ||| UPGRADING to ring of willpower.
  3676 | D:4      | 3676 ||| FLEEEEING.
  3677 | D:4      | 3677 ||| FLEEEEING.
  3678 | D:4      | 3678 ||| FLEEEEING.
  3679 | D:4      | 3679 ||| FLEEEEING.
  3680 | D:4      | 3680 ||| FLEEEEING.
  3681 | D:4      | 3681 ||| FLEEEEING.
  3682 | D:4      | 3682 ||| FLEEEEING.
  3683 | D:4      | 3683 ||| FLEEEEING.
  3684 | D:4      | 3684 ||| FLEEEEING.
  3685 | D:4      | 3685 ||| FLEEEEING.
  3718 | D:4      | 3718 ||| Stepping ~*~*~tactically~*~*~ (stealth).
  3732 | D:4      | 3732 ||| Stepping ~*~*~tactically~*~*~ (hiding).
  3769 | D:4      | 3769 ||| Stepping ~*~*~tactically~*~*~ (stealth).
  4004 | D:4      | 4004 ||| Stepping ~*~*~tactically~*~*~ (hiding).
  4005 | D:4      | 4005 ||| Stepping ~*~*~tactically~*~*~ (hiding).
  4125 | D:4      | Reached skill level 7 in Axes
  4125 | D:4      | Reached XP level 8. HP: 21/50 MP: 8/8
  4348 | D:4      | 4348 ||| READING scroll labelled ITTODYIL OFAG.
  4349 | D:4      | 4349 ||| READING 3 scrolls of identify.
  4349 | D:4      | 4349 ||| IDENTIFYING silvery potion
  4350 | D:4      | 4350 ||| READING 2 scrolls of identify.
  4350 | D:4      | 4350 ||| IDENTIFYING murky amethyst potion
  4367 | D:5      | Entered Level 5 of the Dungeon
  4402 | D:5      | Found a transporter.
  4499 | D:5      | Reached skill level 1 in Dodging
  4550 | D:5      | Noticed a yak
  4550 | D:5      | Noticed a yak
  4551 | D:5      | Noticed a yak
  4552 | D:5      | 4552 ||| Stepping ~*~*~tactically~*~*~ (stealth).
  4558 | D:5      | Killed a yak
  4565 | D:5      | HP: 4/50 [yak (11)]
  4565 | D:5      | HP: 1/50 [yak (3)]
  4566 | D:5      | 4566 ||| DRINKING 2 potions of heal wounds.
  4567 | D:5      | Slain by a yak

Levels and vault maps discovered:
D:1:      dpeg_arrival_morbid_curiosity, layout_basic
D:2:      minmay_recursive_quarters, layout_basic
D:3:      layout_loops_cross, nicolae_overflow_hallway_of_the_gods,
          portal_sewer_entry_e, ebering_ghost_rock_garden,
          nicolae_ecumenical_lake_church, minivault_5, minmay_quantized
D:4:      layout_gridville, hex_tiny
D:5:      gammafunk_cloud_chamber, layout_loops_ring, uniq_menkaure

Skill      XL: |  1  2  3  4  5  6  7  8 |
---------------+-------------------------+-----
Axes           | 2 3 4 5 7 |  7.1
Fighting       | 5 |  5.5
Armour         | 4 |  4.0
Dodging        | 1 |  1.0
Throwing       | 2 |  2.6
Shields        | |  3.2

Action                     |  1- 3 |  4- 6 |  7- 9 || total
---------------------------+-------+-------+-------++-------
  Melee: War axe           |    75 |   113 |    89 ||   277
  Throw: Boomerang         |     4 |    19 |    20 ||    43
    Use: Scroll            |     4 |       |     4 ||     8
         Potion            |     1 |     2 |     4 ||     7
 Armour: Scale mail        |    36 |       |       ||    36
         Plate armour      |       |    91 |    54 ||   145
  Dodge: Dodged            |    39 |    28 |    21 ||    88
  Block: Buckler           |    13 |    16 |    19 ||    48

Table legend:
 A = Non-vault XP
 B = Vault XP
 C = Vault XP percentage of total XP
 D = Non-vault monster count
 E = Vault monster count
 F = Vault count percentage of total count
                 A         B        C        D         E       F
            +---------+---------+-------+---------+---------+-------
      Total |     896 |     689 |  43.5 |      58 |      51 |  46.8
            +---------+---------+-------+---------+---------+-------
        D:1 |      24 |       9 |  27.3 |      14 |       5 |  26.3
        D:2 |      30 |      10 |  25.0 |      10 |       4 |  28.6
        D:3 |      82 |      11 |  11.8 |       9 |       4 |  30.8
        D:4 |     448 |       0 |   0.0 |      20 |       0 |   0.0
        D:5 |     312 |       0 |   0.0 |       5 |       0 |   0.0
      Sewer |       0 |     659 | 100.0 |       0 |      38 | 100.0
            +---------+---------+-------+---------+---------+-------
